 Dungeon Crawl Stone Soup version 0.28.0-45-g0d030f2227 (webtiles) character file.

Game seed: 1808559661264321770

57 russomatroso the Sneak (level 3, -1/19 HPs)
             Began as a Vampire Enchanter on Apr 19, 2022.
             Slain by an adder (2 damage)
             ... on level 2 of the Dungeon.
             The game lasted 00:03:39 (1872 turns).

russomatroso the Sneak (Vampire Enchanter)          Turns: 1872, Time: 00:03:41

Health: -1/19      AC:  2    Str:  7    XL:     3   Next: 73%
Magic:  0/6        EV: 12    Int: 19    God:
Gold:   82         SH:  0    Dex: 14    Spells: 2/7 levels left

rFire   . . .      SeeInvis +   a - +1 dagger
rCold   + + .      Faith    .   (no shield)
rNeg    + + +      Spirit   .   b - +0 robe
rPois   ∞          Reflect  .   (no helmet)
rElec   .          Harm     .   (no cloak)
rCorr   .          Rampage  .   (no gloves)
Will    .....                   (no boots)
Stlth   +++++.....              (no amulet)
HPRegen 0.00/turn               (no ring)
MPRegen 0.10/turn               (no ring)

@: bloodless, inhibited regen
A: bloodless, fangs 3, see invisible, vampiric 2
a: Bat Form, Revivify


You were on level 2 of the Dungeon.
You visited 1 branch of the dungeon, and saw 2 of its levels.

You collected 82 gold pieces.

Inventory:

Hand Weapons
 a - a +1 dagger (weapon)
Missiles
 i - 5 curare-tipped darts (quivered)
Armour
 b - a +0 robe (worn)
Scrolls
 d - a scroll of identify {unknown}
 e - 2 scrolls of teleportation {unknown}
Potions
 c - a potion of invisibility
 f - 2 potions of curing {unknown}
 g - a potion of magic {unknown}
 h - a potion of resistance {unknown}
 j - a potion of might {unknown}


   Skills:
 + Level 2.0 Short Blades
 + Level 2.8 Dodging
 + Level 5.1 Stealth
 + Level 2.5 Spellcasting
 + Level 4.9 Hexes


You had 2 spell levels left.
You knew the following spells:

 Your Spells              Type           Power      Damage    Failure   Level
a - Ensorcelled Hibernat  Hex/Ice        22%        N/A       9%          2
b - Confusing Touch       Hex            21%        N/A       6%          3

Your spell library contained the following spells:

 Spells                   Type           Power      Damage    Failure   Level
 Tukima's Dance           Hex            21%        N/A       6%          3
 Dazzling Flash           Conj/Hex       22%        N/A       17%         3


Dungeon Overview and Level Annotations

Branches:
Dungeon (2/15)

Altars:

Shops:
D:1 (


Innate Abilities, Weirdness & Mutations

You do not regenerate when monsters are visible.
You are frail without blood (-20% HP).
You can heal yourself when you bite living creatures.
You are immune to poison.
You have razor-sharp teeth.
You have supernaturally acute eyesight. (SInv)
You are afflicted with vampirism and can become a bat while bloodless.


Message History

You hit the jackal.
You kill the jackal!
Casting: Ensorcelled Hibernation (safe; 9% risk of failure)
Confirm with . or Enter, or press ? or * to list all spells.
Aiming: Ensorcelled Hibernation (safe; 9% risk of failure)
Press: ? - help, Shift-Dir - straight line, f - jackal
Aim: a jackal (chance to affect: 62%)
The jackal looks drowsy...
The helpless jackal fails to defend itself.
You bite the jackal, and draw its blood!
You feel better.
You impale the jackal!!
You kill the jackal!
The adder bites you.
* * * LOW HITPOINT WARNING * * *
The adder closely misses you.
A jackal comes into view.
The adder barely misses you.
A jackal comes into view.
The adder closely misses you.
The helpless jackal fails to defend itself.
You bite the jackal, and draw its blood!
You feel better.
You impale the jackal!!
You kill the jackal!
The adder bites you.
* * * LOW HITPOINT WARNING * * *
Your Short Blades skill increases to level 2!
The adder bites you but does no damage.
The jackal barks!
The jackal bites you.
* * * LOW HITPOINT WARNING * * *
Casting: Ensorcelled Hibernation (safe; 9% risk of failure)
Confirm with . or Enter, or press ? or * to list all spells.
Aiming: Ensorcelled Hibernation (safe; 9% risk of failure)
Press: ? - help, Shift-Dir - straight line, f - adder
Aim: an adder (chance to affect: 53%)
The adder resists with significant effort.
The jackal bites you.
* * * LOW HITPOINT WARNING * * *
The adder bites you.
You die...

... #.# ## ### #..
#. ..# #.# #.
#.#######.# #.
#.##...##.# #.
#####.#.....#.. #.
#..............
#h###.###..........
#.@S.r.............
#####.#####........
#.# ##..<#... #.#
######.. #.# #.#
... ##### #.# #.#
#.....#†# #.# #....
##...


You could see an adder, a jackal and a rat.

Vanquished Creatures
  An adder (D:2)
  2 ball pythons (D:1)
  8 endoplasms
  A giant cockroach (D:1)
  4 goblins
  A hobgoblin (D:1)
  4 jackals (D:2)
  5 kobolds
  3 quokkas
  8 bats
  2 frilled lizards (D:1)
  2 rats
41 creatures vanquished.

Notes
Turn   | Place    | Note
-------+----------+-------------------------------------------
     0 | D:1      | russomatroso the Vampire Enchanter began the quest for the
                  | Orb.
     0 | D:1      | Reached XP level 1. HP: 13/13 MP: 3/3
    27 | D:1      | Found a faded altar of an unknown god.
    43 | D:1      | Found Uwuaquum's Antique Weapon Shop.
   201 | D:1      | Reached XP level 2. HP: 19/19 MP: 5/5
  1121 | D:2      | Gained mutation: You are afflicted with vampirism and can
                  | become a bat while bloodless. [Vampire growth]
  1121 | D:2      | Reached XP level 3. HP: 19/19 MP: 6/6
  1247 | D:2      | Reached skill level 5 in Stealth
  1545 | D:2      | Learned a level 2 spell: Ensorcelled Hibernation
  1549 | D:2      | Learned a level 3 spell: Confusing Touch
  1872 | D:2      | Slain by an adder

Illustrated notes

Levels and vault maps discovered:
D:1:      sevenhm_arrival_forest_fort_small_4, layout_loops_ring,
          ebering_ecumenical_altar_abandoned, serial_shops,
          nicolae_shop_waterfront
D:2:      cheibrodos_pilgrimage, layout_loops_corners, grunt_ministairs_13,
          minmay_between

Skill      XL: |  1  2  3 |
---------------+----------+-----
Stealth        | 5 |  5.1
Short Blades   | 2 |  2.0
Dodging        | |  2.8
Spellcasting   | |  2.5
Hexes          | |  4.9

Action                   || total
-------------------------++-------
Melee: Dagger            ||   122
       Bite              ||     9
 Cast: Ensorcelled Hiber ||     4
 Abil: Exsanguinate      ||     1
 Stab: Sleeping          ||    18
Armor: Robe              ||    25
Dodge: Dodged            ||    85
